 Dungeon Crawl Stone Soup version 0.27.1 (webtiles) character file.

Game seed: 5573361511256894796

377 Malachi the Ruffian (level 6, -30/58 (61) HPs)
             Began as a Troll Delver on Aug 24, 2021.
             Hit by a large rock thrown by a cyclops (37 damage)
             ... on level 6 of the Dungeon.
             The game lasted 00:02:48 (1259 turns).

Malachi the Ruffian (Troll Delver)                  Turns: 1259, Time: 00:02:48

HP:   -30/58 (61)   AC:  5    Str: 23    XL:     6   Next: 45%
MP:   5/5           EV: 10    Int:  6    God:
Gold: 0             SH:  0    Dex: 11    Spells: 5/5 levels left

rFire    . . .     SeeInvis .     - Unarmed
rCold    . . .     Faith    .   (no shield)
rNeg     . . .     Spirit   .   a - +1 robe
rPois    .         Reflect  .   (helmet restricted)
rElec    .         Harm     .   (no cloak)
rCorr    .         Rampage  .   (gloves unavailable)
Will     .....                  (boots unavailable)
Stlth    ++........             (no amulet)
HPRegen  1.19/turn              (no ring)
MPRegen  0.09/turn              (no ring)

@: lightly drained
A: large, unfitting armour, claws 3, regeneration 1, shaggy fur 1, tough skin 1
a: no special abilities


You were on level 6 of the Dungeon.
You visited 2 branches of the dungeon, and saw 3 of its levels.

You collected 52 gold pieces.
You spent 52 gold pieces at shops.

Inventory:

Armour
 a - a +1 robe (worn)
Jewellery
 k - a ring of wizardry
Wands
 f - a wand of digging (3)
Scrolls
 b - a scroll of fog
 c - a scroll of magic mapping
 d - a scroll of fear
 g - 2 scrolls of enchant armour
 j - a scroll of identify
 l - a scroll of enchant weapon
Potions
 e - a potion of haste
 h - a potion of might {unknown}
 m - a potion of mutation {unknown}
 n - a potion of degeneration {unknown}


   Skills:
 * Level 3.5 Fighting
 + Level 2.0 Dodging
 + Level 3.8 Stealth
 * Level 4.3 Unarmed Combat


You had 5 spell levels left.
You didn't know any spells.
Your spell library contained the following spells:

 Spells                   Type           Power      Damage    Failure   Level
 Foxfire                  Conj/Fire      0%         2x1d4     45%         1
 Conjure Flame            Conj/Fire      0%         6-21      83%         3
 Inner Flame              Hex/Fire       0%         N/A       83%         3


Dungeon Overview and Level Annotations

Branches:
Dungeon (6/15)             Temple (1/1) D:5

Altars:
Ashenzari
Cheibriados
Dithmenos
Elyvilon
Hepliaklqana
Kikubaaqudgha
Nemelex Xobeh
Okawaru
Qazlal
Trog
Uskayaw
Vehumet
Xom
Yredelemnul
Zin
The Shining One

Shops:
D:5 *


Innate Abilities, Weirdness & Mutations

You are too large for most types of armour.
You have claws for hands.
Your natural rate of healing is unusually fast.
You are covered in fur. (AC +1)
You have tough skin. (AC +1)


Message History

The wight hits you with a +3 dire flail.
You scratch the wight but do no damage.
The wight hits you with a +3 dire flail!
You claw the wight!
The wight is heavily damaged.
The wight hits you with a +3 dire flail.
You feel drained.
You closely miss the wight.
The wight is heavily damaged.
The wight hits you with a +3 dire flail!
You feel drained. The wight barely misses you.
You are too injured to fight recklessly!
The wight hits you with a +3 dire flail!!
* * * LOW HITPOINT WARNING * * *
You scratch the wight but do no damage.
The wight hits you with a +3 dire flail.
You feel drained. The wight hits you with a +0 scimitar.
The wight hits you with a +0 scimitar!
* * * LOW HITPOINT WARNING * * *
The wight barely misses you.
There is a stone staircase leading up here.
A cyclops comes into view.
You barely miss the wight.
The wight is lightly damaged.
The wight barely misses you.
You scratch the wight but do no damage.
The wight is lightly damaged.
The wight hits you with a +3 dire flail!
* * * LOW HITPOINT WARNING * * *
You scratch the wight but do no damage.
The wight is lightly damaged.
The wight hits you with a +3 dire flail!
* * * LOW HITPOINT WARNING * * *
The cyclops barely misses you. The cyclops hits you!
* * * LOW HITPOINT WARNING * * *
Okay, then.
The cyclops throws a large rock.
The large rock hits you!!!
Ouch! That really hurt!
You die...

#.# # ..# # #
#.#.# # ##.#.# #
..#.# # ##.#.# #
##....### ####
#.......+ +..>
#...@# ####
###C#.# # #.z.z.#
# #.##### # #.#
#+# # #z# #.# #
#.# ##### #.# #
#.####...####.###
#
#...<..#........#
#


You could see a cyclops and 2 wights.

Vanquished Creatures
  An ogre (D:5)
  3 wights
  A centaur zombie (D:5)
  2 orc wizards
  A scorpion zombie (D:5)
  A killer bee zombie (D:5)
  2 adders (D:5)
  A white imp (D:5)
  11 orcs
23 creatures vanquished.

Vanquished Creatures (others)
  3 plants (D:5)
3 creatures vanquished.

Grand Total: 26 creatures vanquished

Notes
Turn   | Place    | Note
-------+----------+-------------------------------------------
     0 | D:5      | Malachi the Troll Delver began the quest for the Orb.
     0 | D:5      | Reached XP level 1. HP: 22/22 MP: 0/0
    55 | D:6      | Noticed an orc wizard
    82 | D:6      | Killed an orc wizard
    83 | D:6      | Reached XP level 2. HP: 29/29 MP: 1/1
    89 | D:6      | Reached XP level 3. HP: 31/36 MP: 2/2
   147 | D:5      | Reached XP level 4. HP: 29/44 MP: 3/3
   229 | D:5      | Reached skill level 3 in Unarmed Combat
   234 | D:5      | Found a hazy altar of Hepliaklqana.
   255 | D:5      | Found a staircase to the Ecumenical Temple.
   263 | D:5      | Noticed an ogre
   271 | D:5      | Killed an ogre
   272 | D:5      | Reached XP level 5. HP: 35/53 MP: 4/4
   277 | Temple   | Entered the Ecumenical Temple
   556 | D:5      | Found Yjisippo's Assorted Antiques.
   579 | D:5      | Reached XP level 6. HP: 54/61 MP: 5/5
  1086 | D:5      | Bought a scroll labelled ZAEK ADACY for 26 gold pieces
  1086 | D:5      | Bought a scroll labelled LARET SOOSOSY for 26 gold pieces
  1201 | D:6      | Reached skill level 4 in Unarmed Combat
  1250 | D:6      | Noticed a cyclops
  1259 | D:6      | Hit by a large rock thrown by a cyclops

Illustrated notes

Levels and vault maps discovered:
D:5:      layout_loops_ring, mainiacjoe_overflow_24_doors,
          minmay_temple_entry_stoned_glass, serial_shops,
          nicolae_shop_overgrown_old_shop, chequers_jeans
D:6:      layout_loops_corners, minmay_divided_ellipse
Temple:   regret_index_temple_waves

Skill      XL: |  1  2  3  4  5  6 |
---------------+-------------------+-----
Stealth        | 3 |  3.8
Fighting       | 3 |  3.5
Unarmed Combat | 3 4 |  4.3
Dodging        | 2 |  2.0

Action                   |  1- 3 |  4- 6 || total
-------------------------+-------+-------++-------
Melee: Unarmed           |    36 |    69 ||   105
       Punch             |     1 |       ||     1
  Use: Scroll            |       |     4 ||     4
 Stab: Sleeping          |       |     1 ||     1
Armor: Robe              |     8 |    12 ||    20
Dodge: Dodged            |    11 |    25 ||    36
